 Dungeon Crawl Stone Soup version 0.23.2-1-ga50397a (webtiles) character file.

Game seed: 0

120 MMS21 the Slasher (level 4, -5/41 HPs)
             Began as a Minotaur Berserker on Feb 25, 2019.
             Was a Believer of Trog.
             Killed from afar by an orc wizard (10 damage)
             ... with a puff of flame
             ... on level 3 of the Dungeon on Apr 16, 2019.
             The game lasted 00:07:32 (1874 turns).

MMS21 the Slasher (Minotaur Berserker)              Turns: 1874, Time: 00:07:32

Health: -5/41      AC:  2    Str: 22    XL:     4   Next: 75%
Magic:  3/3        EV: 12    Int:  4    God:    Trog [**....]
Gold:   180        SH:  0    Dex: 10    Spells: 3/3 levels left

rFire    . . .     SeeInvis .   a - +0 falchion
rCold    . . .     Gourm    .   (no shield)
rNeg     . . .     Faith    .   b - +0 animal skin
rPois    .         Spirit   .   (helmet restricted)
rElec    .         Reflect  .   (no cloak)
rCorr    .         Harm     .   (no gloves)
MR       .....                  (no boots)
Stlth    +.........             (no amulet)
HPRegen  0.13/turn              (no ring)
MPRegen  0.08/turn              (no ring)

@: no status effects
A: retaliatory headbutt, horns 2
a: Berserk, Trog's Hand, Renounce Religion


You were on level 3 of the Dungeon.
You worshipped Trog.
Trog was pleased with you.
You were not hungry.

You visited 1 branch of the dungeon, and saw 3 of its levels.

You collected 180 gold pieces.

Inventory:

Hand Weapons
 a - a +0 falchion (weapon)
Armour
 b - a +0 animal skin (worn)
Jewellery
 o - a +5 ring of evasion
 p - a +3 ring of intelligence {unknown}
 q - a +2 ring of slaying {unknown}
Wands
 j - a wand of flame (20)
Scrolls
 d - a scroll of noise {unknown}
 e - 2 scrolls of fog {unknown}
 f - a scroll of magic mapping {unknown}
 i - 4 scrolls of identify {unknown}
 k - a scroll of enchant weapon {unknown}
 m - a scroll of remove curse {unknown}
 n - a scroll of enchant armour {unknown}
Potions
 g - a potion of might {unknown}
 h - 2 potions of curing {unknown}
 l - a potion of agility {unknown}
Comestibles
 c - 6 rations


   Skills:
 + Level 4.5 Fighting
 + Level 5.4 Long Blades
 + Level 2.7 Armour
 + Level 3.0 Dodging


You had 3 spell levels left.
You didn't know any spells.
Your spell library was empty.

Dungeon Overview and Level Annotations

Branches:
Dungeon (3/15)

Altars:
Hepliaklqana

Portals:
Sewer: D:3


Innate Abilities, Weirdness & Mutations

You reflexively headbutt those who attack you in melee.
You have a pair of horns on your head.


Message History

The orc wizard is lightly wounded.
The orc wizard points at you and mumbles some strange words.
The puff of frost hits you.
* * * LOW HITPOINT WARNING * * *
You hit the orc wizard.
The orc wizard is moderately wounded.
The orc wizard hits you with a +0 dagger.
* * * LOW HITPOINT WARNING * * *
The orc wizard barely misses you.
You hit the orc wizard. Your headbutt misses the orc wizard.
The orc wizard is severely wounded.
The orc wizard barely misses you.
You riposte.
You hit the orc wizard but do no damage.
The orc wizard is severely wounded.
You hit the orc wizard.
The orc wizard is almost dead.
The orc wizard hits you but does no damage.
The orc wizard points at you and mumbles some strange words.
The puff of flame hits you!
You die...

#####.........##
#...(.[....#
#..####.##.#
#..........#
#..####.#..#
#..####.#..#
#.......#..# #
#.####..o..#....
#.###...@...../.
#.##.#.....#####
#.#)###....#
#..#####...#
#..........#
##.#####..##
###..## ...#
#.....# ...#
#.#.##.#


You could see an orc wizard.

Vanquished Creatures
  A gnoll (D:1)
  4 adders
  An ooze (D:1)
  2 worms (D:2)
  2 dart slugs (D:1)
  2 leopard geckos
  5 orcs (D:3)
  A ball python (D:3)
  6 bats
  A giant cockroach (D:2)
  5 goblins
  4 hobgoblins
  4 jackals (D:1)
  3 frilled lizards
  4 kobolds
  12 rats
57 creatures vanquished.

Notes
Turn   | Place    | Note
-------+----------+-------------------------------------------
     0 | D:1      | MMS21 the Minotaur Berserker began the quest for the Orb.
     0 | D:1      | Reached XP level 1. HP: 19/19 MP: 0/0
    87 | D:1      | Reached skill level 4 in Long Blades
    87 | D:1      | Reached XP level 2. HP: 24/27 MP: 1/1
   181 | D:1      | Reached XP level 3. HP: 33/33 MP: 2/2
   678 | D:1      | Upgraded the game from 0.23.0-28-g6fe0f4d to
                  | 0.23.2-1-ga50397a
   713 | D:2      | Reached ** piety under Trog
  1057 | D:2      | Reached XP level 4. HP: 34/41 MP: 3/3
  1287 | D:2      | Reached skill level 5 in Long Blades
  1563 | D:3      | Found a hazy altar of Hepliaklqana.
  1798 | D:3      | Found a glowing drain.
  1874 | D:3      | Killed from afar by an orc wizard

Skill      XL: |  1  2  3  4 |
---------------+-------------+-----
Fighting       | 4 |  4.5
Long Blades    | 4 5 |  5.4
Dodging        | 3 |  3.0
Armour         | |  2.7

Action                   |  1- 3 |  4- 6 || total
-------------------------+-------+-------++-------
Melee: Falchion          |    81 |    51 ||   132
       Headbutt          |    10 |     5 ||    15
  Eat: Ration            |     1 |       ||     1
Armor: Animal skin       |    12 |     8 ||    20
Dodge: Dodged            |    59 |    21 ||    80
       Rpst.: Falchion   |    12 |     5 ||    17
